Map: Pillars of Gold LE

Players

MissFanta (ThuocLao) - Winner!

  • Race: Protoss Protoss
  • League: Grandmaster
  • Spawn Location: 7:00

Azure

  • Race: Terran Terran
  • League: Grandmaster
  • Spawn Location: 1:00

Event: DreamHack SC2 Masters 2020 Winter

VOD

Have the link to the VOD?

Description

Time

  • Played on: Oct. 16, 2020, 12:16 a.m.
  • Length: 17:41

All games in this series

Show
View Real Time Build Order
Export as new Build Order

MissFanta Protoss - Winner!

Build Orders:  

Get SALT Encoding   

  12  0:00  Probe  
  13  0:12  Probe  
  14  0:17  Pylon  
  14  0:24  Probe  
  15  0:36  Probe (Chrono Boost)  
  15  0:39  Gateway  
  16  0:48  Probe (Chrono Boost), Assimilator  
  17  0:53  Probe (Chrono Boost)  
  18  1:03  Probe  
  19  1:15  Probe  
  20  1:26  Cybernetics Core  
  20  1:27  Probe  
  21  1:39  Probe  
  22  1:42  Pylon  
  22  1:51  Probe  
  23  1:55  Nexus  
  23  2:00  Assimilator  
  23  2:03  Probe  
  23  2:06  Adept (Chrono Boost)  
  26  2:12  Warp Gate  
  26  2:16  Probe  
  27  2:28  Probe, Sentry  
  30  2:40  Probe  
  31  2:47  Robotics Facility  
  31  3:00  Pylon  
  31  3:06  Gateway  
  31  3:07  Probe, Stalker  
  31  3:11  Probe  
  35  3:19  Probe  
  36  3:22  Gateway  
  36  3:23  Probe  
  37  3:31  Probe  
  38  3:35  Observer  
  38  3:36  Probe  
  38  3:38  Robotics Bay  
  40  3:49  Probe  
  40  3:53  Probe  
  40  3:55  Assimilator x2  
  42  3:58  Warp Prism (Chrono Boost)  
  42  4:01  Probe  
  45  4:02  Pylon  
  45  4:06  Probe  
  46  4:14  Probe  
  47  4:20  Probe, Pylon  
  47  4:23  Disruptor (Chrono Boost)  
  48  4:26  Gravitic Drive (Chrono Boost)  
  48  4:30  Shield Battery  
  48  4:31  Probe  
  52  4:36  Pylon  
  52  4:37  Stalker  
  54  4:42  Probe  
  54  4:44  Probe  
  56  4:47  Stalker  
  58  4:54  Probe, Disruptor  
  58  4:59  Probe  
  63  5:01  Shield Battery  
  63  5:03  Sentry  
  63  5:06  Probe  
  66  5:07  Stalker  
  66  5:12  Probe  
  69  5:19  Gateway  
  69  5:24  Gateway  
  69  5:35  Probe  
  69  5:36  Stalker x3  
  69  5:38  Observer  
  77  5:51  Probe  
  77  5:52  Twilight Council  
  77  5:53  Gateway, Forge  
  78  6:02  Pylon, Protoss Ground Weapons Level 1 (Chrono Boost)  
  78  6:04  Pylon  
  78  6:15  Extended Thermal Lance (Chrono Boost)  
  78  6:20  Probe x2, Observer  
  81  6:38  Blink (Chrono Boost)  
  81  6:41  Colossus  
  81  6:45  Nexus  
  81  6:46  Probe, Pylon  
  88  6:50  Pylon  
  88  7:00  Zealot x3  
  94  7:16  Probe  
  94  7:17  Zealot x3  
  101  7:25  Observer  
  101  7:27  Pylon  
  101  7:28  Pylon, Forge  
  101  7:34  Probe, Zealot x2  
  106  7:43  Photon Cannon  
  106  7:45  Colossus  
  106  7:50  Photon Cannon  
  112  7:52  Stalker x2  
  112  7:58  Probe  
  115  8:00  Probe x2  
  117  8:06  Gateway  
  117  8:10  Probe  
  117  8:12  Protoss Ground Armor Level 1 (Chrono Boost)  
  117  8:22  Stalker x4, Charge  
  125  8:30  Probe  
  125  8:32  Protoss Ground Weapons Level 2 (Chrono Boost)  
  126  8:36  Probe  
  126  8:38  Gateway  
  127  8:44  Zealot  
  127  8:45  Zealot x2  
  127  8:47  Probe x2  
  135  8:53  Pylon  
  135  8:55  Pylon  
  135  8:56  Stalker  
  135  9:00  Templar Archives  
  137  9:04  Zealot  
  137  9:05  Zealot  
  141  9:16  Probe  
  142  9:26  Stalker x3  
  148  9:35  Observer  
  148  9:44  Probe  
  148  9:45  Pylon  
  149  9:46  Assimilator  
  149  9:47  Pylon  
  149  9:49  Psionic Storm  
  149  9:51  Assimilator  
  149  9:55  Pylon x2  
  149  9:57  Pylon, Protoss Ground Armor Level 2 (Chrono Boost)  
  149  9:58  Pylon, Nexus  
  149  9:59  Pylon  
  149  10:11  Zealot  
  149  10:12  Zealot x5  
  119  10:31  Zealot x2  
  105  10:37  Stalker x6  
  117  10:46  Probe  
  118  10:57  High Templar x2  
  118  11:00  Probe, Protoss Ground Weapons Level 3 (Chrono Boost)  
  122  11:09  Zealot x6  
  134  11:15  Probe  
  135  11:22  Gateway  
  135  11:25  Gateway  
  135  11:35  Zealot x3  
  135  11:36  Zealot x5  
  139  11:49  Probe, Colossus (Chrono Boost)  
  139  11:53  Robotics Facility  
  134  11:57  High Templar x2  
  134  11:58  Zealot  
  134  11:59  Zealot x5  
  146  12:06  Probe  
  141  12:16  Stalker  
  141  12:17  Protoss Ground Armor Level 3 (Chrono Boost)  
  143  12:23  Zealot  
  143  12:24  Zealot x6  
  157  12:35  Probe  
  158  12:38  Disruptor (Chrono Boost)  
  158  12:40  Disruptor  
  161  12:57  Stalker x3, Zealot  
  161  12:58  Zealot x4  
  129  13:29  Archon  
  129  13:30  Archon  
  119  13:34  Protoss Shields Level 1 (Chrono Boost)  
  119  13:36  High Templar x3  
  119  13:37  Zealot x7  
  137  13:49  Probe  
  135  14:00  Pylon  
  135  14:02  Assimilator  
  135  14:08  Assimilator  
  135  14:10  Pylon, Nexus  
  135  14:11  Dark Shrine  
  135  14:13  Stalker x8, Pylon  
  135  14:15  Pylon, Disruptor (Chrono Boost)  
  151  14:17  Pylon  
  151  14:20  Disruptor (Chrono Boost)  
  151  14:22  High Templar  
  151  14:23  High Templar  
  161  14:33  Gravitic Boosters (Chrono Boost)  
  161  14:41  Stalker x3, Zealot  
  161  14:42  Zealot x2  
  172  14:45  Pylon  
  172  14:46  Zealot  
  157  15:10  Stalker x4  
  157  15:11  Stalker x4  
  173  15:29  Probe  
  173  15:33  High Templar x7  
  188  15:39  Archon x3, Nexus  
  188  15:47  Assimilator  
  180  16:08  Zealot, Nexus  
  180  16:09  Zealot x8  
  190  16:19  Pylon  
  176  16:29  Zealot x4  
  176  16:32  Stalker  
  177  16:37  Stalker  
  177  16:38  Stalker  
  179  16:44  Stalker x5  
  185  16:53  Probe x2  
  185  16:54  Probe  
Show
View Real Time Build Order
Export as new Build Order

Azure Terran 

Build Orders: Reaper Expand 

Get SALT Encoding   

  12  0:00  SCV  
  13  0:12  SCV  
  14  0:18  Supply Depot  
  14  0:24  SCV  
  15  0:39  SCV  
  15  0:40  Barracks  
  16  0:44  Refinery  
  16  0:51  SCV  
  17  1:03  SCV  
  18  1:16  SCV  
  19  1:28  Orbital Command  
  19  1:29  Reaper  
  20  1:49  Command Center  
  20  1:56  SCV  
  20  2:00  Marine  
  22  2:10  SCV  
  23  2:15  Factory  
  23  2:20  Bunker  
  23  2:22  Barracks Reactor  
  23  2:31  Refinery  
  23  2:38  Supply Depot  
  23  3:00  SCV, Hellion, Marine x2  
  23  3:01  Starport  
  28  3:11  Orbital Command  
  28  3:12  SCV  
  29  3:19  Marine  
  30  3:20  Marine  
  30  3:24  SCV  
  30  3:25  Factory Tech Lab  
  32  3:33  Supply Depot  
  32  3:36  SCV  
  32  3:37  SCV  
  32  3:40  Marine x2  
  36  3:48  SCV  
  36  3:49  Banshee  
  36  3:52  SCV  
  41  3:58  Marine  
  41  4:00  SCV, Factory Tech Lab  
  41  4:01  Cloaking Field  
  40  4:04  SCV  
  40  4:09  Supply Depot  
  41  4:11  Marine  
  41  4:13  SCV  
  41  4:16  Marine  
  44  4:20  SCV  
  45  4:26  Siege Tank  
  45  4:27  SCV  
  49  4:32  SCV, Banshee  
  49  4:34  Supply Depot  
  49  4:36  Marine  
  49  4:37  Marine  
  55  4:39  SCV  
  55  4:44  SCV  
  57  4:49  Supply Depot  
  57  4:51  SCV  
  58  4:54  Marine  
  58  4:55  Marine  
  58  4:56  SCV  
  58  4:59  Siege Tank  
  64  5:01  Barracks  
  64  5:07  SCV, Barracks  
  64  5:09  SCV  
  64  5:13  Supply Depot  
  66  5:15  Marine  
  66  5:16  Marine  
  66  5:19  SCV  
  69  5:23  SCV  
  69  5:28  Engineering Bay  
  70  5:31  SCV  
  70  5:33  Starport Reactor  
  70  5:34  Marine x2, Siege Tank  
  76  5:35  SCV  
  76  5:43  SCV  
  76  5:47  SCV  
  74  5:55  SCV  
  75  5:57  Supply Depot  
  75  5:58  Terran Infantry Weapons Level 1, Refinery  
  75  5:59  Refinery  
  75  6:07  Command Center  
  75  6:10  Marine x2  
  77  6:13  Stimpack, Marauder  
  77  6:14  SCV  
  77  6:15  SCV  
  81  6:19  Factory Tech Lab  
  76  6:26  SCV  
  76  6:27  SCV, Supply Depot  
  76  6:32  Missile Turret, Marine x2  
  78  6:33  Marauder  
  78  6:38  Medivac  
  84  6:41  SCV  
  84  6:43  SCV  
  86  6:51  Supply Depot  
  86  6:52  Supply Depot  
  86  6:53  SCV  
  87  6:54  Marine  
  87  6:55  SCV, Marine  
  87  6:56  Marauder  
  87  7:00  Marauder  
  94  7:09  Combat Shield, Siege Tank  
  94  7:11  Medivac  
  99  7:22  Medivac, Marine x2  
  102  7:25  Marauder  
  102  7:28  Orbital Command  
  105  7:30  SCV  
  105  7:31  SCV  
  107  7:42  SCV, Marine  
  107  7:43  SCV, Marauder, Marine  
  113  7:47  Medivac  
  115  7:52  Orbital Command  
  115  7:53  Supply Depot  
  115  7:54  Supply Depot  
  115  7:56  Siege Tank  
  117  7:58  SCV  
  117  8:02  SCV  
  117  8:05  Marine x2  
  123  8:06  Marauder  
  123  8:16  Marauder  
  123  8:17  SCV x2  
  126  8:23  Marine x2  
  126  8:26  SCV  
  131  8:27  Marauder  
  131  8:29  SCV  
  131  8:32  Missile Turret  
  132  8:36  Missile Turret  
  134  8:44  Barracks, Liberator  
  134  8:45  Barracks  
  137  8:48  Liberator  
  137  8:54  SCV x2  
  142  8:57  Marine x2  
  142  8:58  Marauder  
  142  9:01  Supply Depot, Terran Infantry Armor Level 1  
  142  9:02  SCV, Supply Depot  
  145  9:06  SCV, Marauder  
  148  9:15  Marine  
  149  9:20  Marauder  
  149  9:22  Marine  
  150  9:27  Medivac  
  154  9:31  Medivac  
  154  9:33  Marine  
  151  9:40  Marine  
  151  9:44  Barracks Reactor, Barracks Tech Lab  
  151  9:45  Marine x2  
  150  9:47  SCV  
  150  9:51  Supply Depot, Marine  
  150  9:52  SCV, Supply Depot  
  155  9:53  Supply Depot  
  155  9:54  Missile Turret, Refinery x2  
  155  9:57  Medivac  
  155  9:58  Marine  
  158  10:01  Liberator  
  158  10:03  Marine  
  158  10:04  Marauder  
  164  10:08  Siege Tank  
  164  10:09  Marauder, Marine  
  162  10:15  Marine  
  162  10:21  Marine  
  160  10:24  Marine  
  160  10:26  Marine  
  131  10:29  Marine x2  
  131  10:30  Marauder  
  131  10:33  Marine  
  131  10:35  SCV  
  112  10:39  Marine  
  112  10:40  Siege Tank  
  112  10:42  Marine  
  115  10:43  Liberator  
  115  10:44  Marine  
  115  10:47  Marine x2  
  118  10:51  Marauder, Marine  
  118  10:56  Barracks  
  121  10:57  Marauder, Barracks  
  121  10:58  Barracks  
  121  11:00  Supply Depot  
  121  11:01  Marauder  
  121  11:02  Marine  
  126  11:04  Marine  
  126  11:05  Marine  
  126  11:09  Marine  
  129  11:11  Liberator  
  129  11:12  Siege Tank  
  129  11:13  Marauder  
  129  11:18  Marine  
  138  11:20  Marine  
  138  11:25  Marauder, Marine x2  
  142  11:26  Missile Turret  
  142  11:27  Marine  
  142  11:28  Liberator  
  145  11:33  Marine  
  145  11:36  Marine  
  145  11:38  Marine  
  135  11:42  Marine x2  
  135  11:44  Marine  
  135  11:46  Marine x2  
  135  11:47  Marauder  
  140  11:48  Marine  
  140  11:51  Marine  
  140  11:53  Marine  
  134  11:55  Marine  
  134  12:00  Marine  
  132  12:02  Marine  
  132  12:07  SCV x3  
  132  12:08  Marauder  
  140  12:10  Marauder  
  140  12:12  Marauder, Siege Tank  
  146  12:16  Barracks Tech Lab x2  
  146  12:17  Barracks Reactor  
  146  12:18  Marine  
  146  12:25  Marine  
  146  12:26  SCV  
  146  12:27  SCV  
  146  12:29  SCV, Marine  
  151  12:31  Marauder  
  151  12:33  Marine  
  151  12:34  Starport Reactor, Marine  
  151  12:35  Barracks Tech Lab  
  151  12:36  Marine  
  155  12:38  Supply Depot, Marine  
  155  12:43  Marine  
  157  12:47  Marine  
  151  12:52  Marauder, Marine x2  
  151  12:53  Marine x3  
  151  12:54  Marauder  
  151  12:56  Marauder  
  161  13:01  Marine  
  161  13:05  Marauder  
  163  13:09  Marine  
  163  13:10  Marine x2  
  163  13:11  Marauder, Marine  
  164  13:13  Marauder  
  164  13:15  Marauder  
  164  13:17  Marine  
  164  13:19  Marine  
  157  13:26  Marauder  
  136  13:28  Marauder, Marine x2  
  136  13:29  Marine  
  136  13:32  Marauder  
  124  13:34  Marine  
  124  13:35  Marauder  
  124  13:36  SCV, Marine  
  124  13:37  SCV x2, Marine  
  130  13:46  Marine x2  
  130  13:47  Marine  
  130  13:48  Marauder  
  135  13:49  Marauder  
  135  13:52  Marauder  
  135  13:53  Marine  
  135  13:54  Marine x2  
  139  13:57  Marauder  
  139  14:00  Siege Tank  
  138  14:03  Medivac  
  138  14:04  Medivac, Marine x2  
  138  14:05  Marine  
  138  14:09  Marauder  
  148  14:10  Marine  
  148  14:12  Marauder, Marine  
  148  14:14  Marauder, Marine  
  154  14:18  Marine  
  154  14:22  Marine x3  
  158  14:28  Marine  
  158  14:29  Marine  
  158  14:30  Marauder  
  162  14:31  Marine  
  162  14:33  Marauder, Liberator x2  
  162  14:35  Marine x2  
  173  14:39  Marine  
  173  14:40  Marine  
  173  14:43  Marine  
  176  14:46  Marauder  
  176  14:47  Marine  
  176  14:49  Marine  
  176  14:52  Marauder  
  159  15:04  Marine x2  
  159  15:05  Marauder  
  159  15:06  Marine  
  151  15:08  Marine  
  151  15:09  Marauder  
  154  15:17  Marine x2  
  154  15:19  Command Center  
  157  15:24  Marine  
  155  15:29  Armory, Marine  
  155  15:30  Engineering Bay, Marauder  
  155  15:33  Marine  
  159  15:36  Marauder  
  159  15:37  Marine  
  159  15:39  Marine  
  159  15:41  Marine  
  159  15:42  Marine  
  165  15:44  Marine x2  
  165  15:47  Marine  
  168  15:53  Marine  
  168  15:54  Marauder  
  168  15:55  Marine  
  168  15:57  Marine  
  171  16:04  Medivac x2  
  162  16:07  Marine  
  162  16:08  Marauder  
  162  16:15  Marine  
  162  16:16  Marauder  
  148  16:18  Marine  
  148  16:19  Marauder  
  148  16:22  Marine  
  148  16:23  Marauder  
  130  16:30  Marauder, Marine x2  
  128  16:33  Marine  
  122  16:45  Marauder, Marine x4  
  124  16:49  Marauder  
  124  16:50  Marine  
  124  16:53  Marine x2  
  129  16:55  Marine  
  121  17:03  Marine x2  
  112  17:11  Marine  
  112  17:14  Marine  
Tags
 
Add a new tag
Caveats
  • Supply blocks, unpowered buildings, or Contaminate may cause inaccurate times.
  • Supply counts are checked every 10 seconds.